[Event "Titled Tuesday Blitz August 22 Late 2023"]
[White "szachmistrz2500"]
[Black "Hjartarson, Johann"]
[BlackFideId "2300044"]
[WhiteElo "2522"]
[BlackElo "2675"]
[Result "0-1"]
[Round "6"]
[TimeControl "180+1"]
[Date "2023.08.22"]
[WhiteClock "0:00:01"]
[BlackClock "0:00:53"]
[Board "69"]

1. Nf3 Nf6 2. g3 b5 3. Bg2 Bb7 4. O-O e6 5. d3 Be7 6. e4 d6 7. Qe2 Nbd7 8. Nbd2 c5 9. Re1 O-O 10. h4 Qc7 11. Nf1 Ne5 12. N3h2 Rfe8 13. f4 Nc6 14. g4 Bf8 15. g5 Nd7 16. h5 f5 17. Ng3 g6 18. Be3 Bg7 19. Rab1 b4 20. Nf3 a5 21. Kf2 a4 22. Rh1 e5 23. hxg6 hxg6 24. Nh4 exf4 25. Bxf4 Nd4 26. Qd1 Ne5 27. Bxe5 Bxe5 28. Nxg6 Qg7 29. exf5 Bxg3+ 30. Kxg3 Nxf5+ 31. Kf2 Bxg2 32. Rh8+ Kf7 33. Qh5 Qxg6 34. Rh7+ Ng7 35. Qxg6+ Kxg6 36. Rh6+ Kxg5 37. Rxd6 Nf5 38. Rd7 Bc6 39. Rc7 Re6 40. Rg1+ Kf6 41. Rh1 Bxh1 0-1


[Site "https://www.chess.com"]

[Event "Titled Tuesday Blitz August 22 Late 2023"]
[White "Annaberdiyev, Meylis"]
[Black "Geivondian, Arman"]
[WhiteFideId "14000563"]
[BlackFideId "24102032"]
[WhiteElo "2672"]
[BlackElo "2515"]
[Result "0-1"]
[Round "6"]
[TimeControl "180+1"]
[Date "2023.08.22"]
[WhiteClock "0:00:00"]
[BlackClock "0:00:22"]
[Board "70"]

1. e4 c6 2. d4 d5 3. e5 Bf5 4. Nf3 e6 5. c3 Nd7 6. Be2 h6 7. O-O Ne7 8. Na3 g5 9. Nc2 Bg7 10. Ne3 Bg6 11. Bd3 Qc7 12. b3 O-O-O 13. Ba3 Nb6 14. Bd6 Rxd6 15. exd6 Qxd6 16. Re1 Nd7 17. b4 e5 18. Bxg6 Nxg6 19. Nf5 Qf6 20. Nxg7 Qxg7 21. dxe5 Nf4 22. Qd4 b6 23. g3 Ne6 24. Qd3 g4 25. Nd4 Kb7 26. Nf5 Qg6 27. Nd6+ Ka8 28. Qa6 Rb8 29. a4 Ng5 30. a5 Nf3+ 31. Kh1 Qh5 32. h4 Nxh4 33. gxh4 Qxh4+ 34. Kg1 g3 35. Kf1 gxf2 36. Reb1 Qh1+ 37. Kxf2 Qh2+ 38. Kf1 Qf4+ 39. Ke1 Qxe5+ 40. Kd2 Qxd6 41. axb6 Rb7 42. Rg1 Qh2+ 43. Qe2 Qxe2+ 44. Kxe2 Rxb6 45. Rg7 Ne5 46. Rh7 Rb8 47. Rxh6 Re8 48. Kd2 Nc4+ 49. Kd3 Kb7 0-1


[Site "https://www.chess.com"]

[Event "Titled Tuesday Blitz August 22 Late 2023"]
[White "Mamedov, Edgar"]
[Black "Diano, Eden"]
[WhiteFideId "13739980"]
[BlackFideId "5203708"]
[WhiteElo "2670"]
[BlackElo "2514"]
[Result "1-0"]
[Round "6"]
[TimeControl "180+1"]
[Date "2023.08.22"]
[WhiteClock "0:02:31"]
[BlackClock "0:01:56"]
[Board "71"]

1. d4 d5 2. Nf3 Nf6 3. c4 dxc4 4. e3 a6 5. Bxc4 b5 6. Be2 Bb7 7. O-O Nbd7 8. a4 b4 9. Nbd2 e6 10. a5 c5 11. Nc4 cxd4 12. Nxd4 Be7 13. Bf3 Qc7 14. Bxb7 Qxb7 15. Qf3 Qxf3 16. gxf3 Rc8 17. Nb6 Rc7 18. Bd2 Bc5 19. Rfc1 e5 20. Nf5 g6 21. Ng3 O-O 22. Bxb4 Rb8 23. Bxc5 Rxc5 24. Rxc5 Nxc5 25. b4 Nd3 26. b5 axb5 27. a6 1-0


[Site "https://www.chess.com"]

[Event "Titled Tuesday Blitz August 22 Late 2023"]
[White "Swicarz, Maciej"]
[Black "Skvortsov, Andrei"]
[WhiteFideId "1113585"]
[BlackFideId "24108600"]
[WhiteElo "2512"]
[BlackElo "2669"]
[Result "0-1"]
[Round "6"]
[TimeControl "180+1"]
[Date "2023.08.22"]
[WhiteClock "0:00:00"]
[BlackClock "0:00:12"]
[Board "72"]

1. e4 c5 2. Nc3 a6 3. Nf3 d6 4. d4 cxd4 5. Nxd4 Nf6 6. Nb3 e5 7. Bg5 Be6 8. Bxf6 Qxf6 9. Nd5 Qd8 10. c4 Nc6 11. Be2 g6 12. Qd2 h5 13. O-O Bh6 14. f4 Bxd5 15. cxd5 Qb6+ 16. Kh1 Ne7 17. Qa5 Qxa5 18. Nxa5 exf4 19. Nxb7 Kd7 20. Na5 Bg7 21. Rab1 g5 22. Rfc1 g4 23. Bd1 Rhb8 24. Ba4+ Kd8 25. b4 Rb6 26. Bc6 Rab8 27. a3 f5 28. exf5 Nxf5 29. Nc4 Ke7 30. Re1+ Ne3 31. Nxe3 fxe3 32. Rxe3+ Be5 33. Rf1 a5 34. b5 a4 35. Re2 Rxb5 36. Bxb5 Rxb5 37. Re4 Ra5 38. Rb1 Kf6 39. Kg1 Kf5 40. Reb4 h4 41. Rf1+ Kg5 42. Rd1 Bc3 43. Rbb1 Kf4 44. Rd3 Be5 45. Rb4+ Kf5 46. h3 gxh3 47. gxh3 Bg3 48. Kg2 Ke5 49. Rg4 Kf5 50. Rb4 Ke5 51. Kf3 Ra8 52. Re4+ Kf5 53. Rdd4 Kg5 54. Rg4+ Kf5 55. Rxa4 Rc8 56. Rgc4 Re8 57. Rc3 Rb8 58. Rb4 Rf8 59. a4 Ke5+ 60. Ke2 Rf2+ 61. Ke3 Ra2 62. Rcc4 Kxd5 63. Rd4+ Ke6 64. Re4+ Be5 65. Rbc4 Ra3+ 0-1


[Site "https://www.chess.com"]

[Event "Titled Tuesday Blitz August 22 Late 2023"]
[White "Arias, Juan Cruz"]
[Black "only_strong_moves"]
[WhiteFideId "118540"]
[WhiteElo "2663"]
[BlackElo "2512"]
[Result "1-0"]
[Round "6"]
[TimeControl "180+1"]
[Date "2023.08.22"]
[WhiteClock "0:00:22"]
[BlackClock "0:00:02"]
[Board "73"]

1. d4 Nf6 2. Nf3 e6 3. e3 b6 4. Bd3 Bb7 5. O-O Be7 6. c4 O-O 7. b3 c5 8. Bb2 d5 9. cxd5 Nxd5 10. Nbd2 Nd7 11. Rc1 Rc8 12. Qe2 Nb4 13. Bb5 a6 14. Bxd7 Qxd7 15. a3 Nd5 16. dxc5 Rxc5 17. b4 Rxc1 18. Rxc1 Rc8 19. Qd1 a5 20. bxa5 bxa5 21. Nc4 Qb5 22. a4 Qa6 23. Na3 Rxc1 24. Qxc1 Qe2 25. Nd4 Qd3 26. Nab5 h6 27. Qc2 Nb4 28. Qxd3 Nxd3 29. Bc3 Nc5 30. Bxa5 Nxa4 31. Bc7 Nc5 32. Bd6 Bxd6 33. Nxd6 Bd5 34. f3 e5 35. Ne2 Be6 36. Nb5 f6 37. Nbc3 Nd3 38. Ne4 Nb4 39. Nd2 Nd5 40. Kf2 Kh7 41. Ng3 Nb4 42. Nge4 Nd3+ 43. Ke2 Nb4 44. Nc5 Bc8 45. Nde4 Nd5 46. Nd6 Ne7 47. Kf2 Kg8 48. e4 Kf8 49. Ke3 g5 50. g4 Kg7 51. h3 Kg6 52. Kd3 h5 53. Kc4 hxg4 54. hxg4 Bxg4 55. fxg4 Nc6 56. Nf5 Nd8 57. Nd3 Ne6 58. Nf2 Nf4 59. Kc5 Kf7 60. Kd6 Ng6 61. Kd7 Nf4 62. Nd6+ Kg6 63. Ke7 Ne2 64. Nf5 Nc3 65. Ke6 Nb5 66. Ne7+ Kg7 67. Nd5 Nd4+ 68. Ke7 Nc6+ 69. Kd6 Nd4 70. Kd7 Kg6 71. Nd3 f5 72. Nxe5+ Kh6 73. exf5 Nxf5 74. gxf5 g4 75. Nxg4+ Kg5 76. Nge3 1-0


[Site "https://www.chess.com"]

[Event "Titled Tuesday Blitz August 22 Late 2023"]
[White "Korchmar, Vasiliy"]
[Black "Mickiewicz, Piotr"]
[WhiteFideId "24131750"]
[BlackFideId "1114891"]
[WhiteElo "2661"]
[BlackElo "2505"]
[Result "1-0"]
[Round "6"]
[TimeControl "180+1"]
[Date "2023.08.22"]
[WhiteClock "0:00:11"]
[BlackClock "0:00:09"]
[Board "74"]

1. e4 c6 2. d4 d5 3. exd5 cxd5 4. Bd3 Nc6 5. c3 Nf6 6. h3 g6 7. Nf3 Bf5 8. Bf4 Bxd3 9. Qxd3 Bg7 10. O-O O-O 11. Nbd2 Rc8 12. Rfe1 a6 13. Nb3 Nd7 14. a4 Re8 15. a5 f6 16. Bg3 e6 17. Re2 Qe7 18. Rae1 Qf7 19. Bd6 Na7 20. h4 Nb5 21. Bg3 Rc6 22. Nfd2 Nd6 23. Bxd6 Rxd6 24. c4 e5 25. dxe5 Nxe5 26. Qg3 Red8 27. c5 R6d7 28. Nd4 Rc8 29. b4 Bh6 30. N2f3 Nd3 31. Rb1 Kh8 32. Qg4 Rcd8 33. g3 Re8 34. Rb3 Rde7 35. Rxe7 Qxe7 36. Rxd3 Qe4 37. Qxe4 dxe4 38. Rd1 exf3 39. Nxf3 Bf8 40. Rd7 Re4 41. Rxb7 Rc4 42. Kg2 Kg8 43. Rb6 Rc3 44. Rxa6 Rc4 45. Rb6 h5 46. a6 g5 47. hxg5 fxg5 48. Nxg5 h4 49. gxh4 Rxh4 50. Nf3 Rg4+ 51. Kf1 Rg7 52. Rb7 Rg6 53. a7 Ra6 54. b5 Ra1+ 55. Kg2 Bxc5 56. Rb8+ Kf7 57. a8=Q 1-0


[Site "https://www.chess.com"]

[Event "Titled Tuesday Blitz August 22 Late 2023"]
[White "Piesik, Piotr"]
[Black "Moore, Nicholas"]
[WhiteFideId "1136194"]
[BlackFideId "4303709"]
[WhiteElo "2660"]
[BlackElo "2477"]
[Result "1-0"]
[Round "6"]
[TimeControl "180+1"]
[Date "2023.08.22"]
[WhiteClock "0:02:21"]
[BlackClock "0:00:23"]
[Board "75"]

1. Nf3 d5 2. g3 Nf6 3. Bg2 Bf5 4. c4 c6 5. cxd5 cxd5 6. O-O Nc6 7. d3 h6 8. Nc3 e6 9. Qa4 Be7 10. e4 Bh7 11. Ne5 O-O 12. Nxc6 bxc6 13. Qxc6 Rc8 14. Qa4 d4 15. Ne2 e5 16. Bd2 Qb6 17. Rab1 Nd7 18. Qxd7 1-0


[Site "https://www.chess.com"]

[Event "Titled Tuesday Blitz August 22 Late 2023"]
[White "Sanhueza, Cristian"]
[Black "Filipascu"]
[WhiteFideId "116815"]
[WhiteElo "2484"]
[BlackElo "2652"]
[Result "1-0"]
[Round "6"]
[TimeControl "180+1"]
[Date "2023.08.22"]
[WhiteClock "0:00:50"]
[BlackClock "0:01:05"]
[Board "76"]

1. e4 g6 2. d4 Bg7 3. Be3 d6 4. Nc3 a6 5. Qd2 b5 6. Nf3 Bb7 7. Bd3 Nd7 8. h3 c5 9. O-O cxd4 10. Nxd4 Ngf6 11. a3 O-O 12. Rae1 Rc8 13. f4 Nb6 14. f5 Nc4 15. Bxc4 Rxc4 16. Bg5 Nxe4 17. Nxe4 Rxd4 18. Qf4 Qa8 19. f6 Bxe4 20. fxg7 Kxg7 21. Bh6+ Kg8 22. Bxf8 Qd5 23. Bxe7 Bxg2 24. Qh6 Bxf1 25. Qf8# 1-0


[Site "https://www.chess.com"]

[Event "Titled Tuesday Blitz August 22 Late 2023"]
[White "Buchenau, Frank"]
[Black "Pham, Le Thao Nguyen"]
[WhiteFideId "4604350"]
[BlackFideId "12401226"]
[WhiteElo "2466"]
[BlackElo "2650"]
[Result "0-1"]
[Round "6"]
[TimeControl "180+1"]
[Date "2023.08.22"]
[WhiteClock "0:00:00"]
[BlackClock "0:00:46"]
[Board "77"]

1. e4 c6 2. Nf3 d5 3. Nc3 dxe4 4. Nxe4 Nf6 5. Ng3 Bg4 6. h3 Bh5 7. Nxh5 Nxh5 8. d4 e6 9. Bd3 Nf6 10. O-O Nbd7 11. Re1 Be7 12. c4 O-O 13. Bd2 a5 14. a3 a4 15. Bc3 Re8 16. Ne5 Nxe5 17. dxe5 Nd7 18. Qg4 Nf8 19. Rad1 Qb6 20. h4 Bc5 21. Qg3 Red8 22. Bc2 Bd4 23. h5 Bxc3 24. Qxc3 h6 25. Rxd8 Qxd8 26. Rd1 Qg5 27. c5 Qxh5 28. Rd4 Qxe5 29. Bxa4 Ra5 30. Bc2 Rxc5 31. Qd3 Rxc2 0-1


[Site "https://www.chess.com"]

[Event "Titled Tuesday Blitz August 22 Late 2023"]
[White "Mendez Fortes, Eduardo Jesus"]
[Black "Salazar Farias, Luis German"]
[WhiteFideId "3502376"]
[BlackFideId "3902170"]
[WhiteElo "2643"]
[BlackElo "2463"]
[Result "1-0"]
[Round "6"]
[TimeControl "180+1"]
[Date "2023.08.22"]
[WhiteClock "0:01:10"]
[BlackClock "0:00:07"]
[Board "78"]

1. e4 c6 2. d4 d5 3. e5 Bf5 4. Nf3 e6 5. Be2 Ne7 6. Nbd2 Nd7 7. Nb3 h6 8. O-O Bh7 9. a4 Nf5 10. a5 a6 11. Ne1 Be7 12. g4 Nh4 13. Ng2 Nxg2 14. Kxg2 c5 15. c3 cxd4 16. cxd4 Rc8 17. Bd3 Bxd3 18. Qxd3 Qc7 19. Bd2 Qc2 20. Qxc2 Rxc2 21. Bc3 h5 22. Rae1 hxg4 23. Na1 Rxc3 24. bxc3 Kd8 25. Nc2 Nb8 26. Ne3 Nc6 27. Ra1 Kc7 28. Nxg4 g6 29. Ne3 Rb8 30. Rfd1 Kd7 31. c4 dxc4 32. Nxc4 Ke8 33. d5 exd5 34. Rxd5 Bb4 35. Rb1 Ke7 36. f4 Ke6 37. Rdd1 Rh8 38. Ne3 Rb8 39. Kf3 Bxa5 40. Rd6+ Ke7 41. Rxc6 Rh8 42. Rxb7+ Kf8 43. Rc8+ Kg7 44. Rxh8 Kxh8 45. Rxf7 Bd2 46. e6 Kg8 47. Nd5 Bc3 48. Nxc3 a5 49. Nd5 a4 50. Nf6+ Kh8 51. Rh7# 1-0


[Site "https://www.chess.com"]

[Event "Titled Tuesday Blitz August 22 Late 2023"]
[White "Godzwon, Iwo"]
[Black "Arencibia Monduy, Antonio"]
[WhiteFideId "21802483"]
[BlackFideId "3507939"]
[WhiteElo "2640"]
[BlackElo "2461"]
[Result "0-1"]
[Round "6"]
[TimeControl "180+1"]
[Date "2023.08.22"]
[WhiteClock "0:02:12"]
[BlackClock "0:02:30"]
[Board "79"]

1. c4 Nf6 2. Nc3 e6 3. e4 d5 4. cxd5 exd5 5. e5 d4 6. exf6 dxc3 7. fxg7 cxd2+ 8. Qxd2 Qxd2+ 9. Bxd2 Bxg7 10. O-O-O Be6 11. Nf3 Nd7 12. Kb1 O-O-O 13. Be1 Nc5 14. Rxd8+ Rxd8 15. Be2 Na4 16. b3 Bf5+ 17. Kc1 Bb2# 0-1


[Site "https://www.chess.com"]

[Event "Titled Tuesday Blitz August 22 Late 2023"]
[White "Haszon, David"]
[Black "Almiron, Antonio"]
[WhiteFideId "733610"]
[BlackFideId "3701166"]
[WhiteElo "2451"]
[BlackElo "2638"]
[Result "0-1"]
[Round "6"]
[TimeControl "180+1"]
[Date "2023.08.22"]
[WhiteClock "0:00:10"]
[BlackClock "0:00:14"]
[Board "80"]

1. d4 Nf6 2. Bf4 e6 3. Nf3 c5 4. e3 Nc6 5. Nbd2 d5 6. c3 Bd6 7. Bg3 O-O 8. Bd3 b6 9. e4 Be7 10. e5 Nh5 11. Ng5 Bxg5 12. Qxh5 g6 13. Qh3 cxd4 14. Nf3 dxc3 15. bxc3 Be7 16. Qh6 Re8 17. h4 Bf8 18. Qf4 h6 19. h5 g5 20. Qe3 Bg7 21. Nd4 Bd7 22. O-O f6 23. f4 f5 24. Rfd1 Nxd4 25. Qxd4 Bf8 26. fxg5 Bc5 27. gxh6 Bxd4+ 28. cxd4 Qg5 29. Kf2 Qxh6 30. Kf3 Qxh5+ 31. Kf2 Re7 32. Rh1 Qg6 33. Bf4 Rh7 34. g3 Rc8 35. Kg2 Rc3 36. Rxh7 Qxh7 37. Be2 Rc2 38. Re1 Bb5 39. Kf2 Qh5 40. g4 Qxg4 41. Rg1 Rxe2+ 42. Kf1 Rg2+ 43. Ke1 Qe2# 0-1


[Site "https://www.chess.com"]

[Event "Titled Tuesday Blitz August 22 Late 2023"]
[White "Balla, Tamas-Kristof"]
[Black "Jakubowski, Krzysztof"]
[WhiteFideId "1208497"]
[BlackFideId "1112848"]
[WhiteElo "2436"]
[BlackElo "2629"]
[Result "0-1"]
[Round "6"]
[TimeControl "180+1"]
[Date "2023.08.22"]
[WhiteClock "0:00:02"]
[BlackClock "0:01:16"]
[Board "81"]

1. e4 c5 2. c3 Nf6 3. e5 Nd5 4. d4 cxd4 5. Nf3 d6 6. cxd4 Nc6 7. Bc4 Nb6 8. Bb5 dxe5 9. Nxe5 Bd7 10. Nxd7 Qxd7 11. Nc3 e6 12. O-O Rd8 13. Be3 Be7 14. Qg4 O-O 15. Rad1 Bf6 16. a3 a6 17. Bd3 Ne7 18. Bb1 Nbd5 19. Ne4 Qb5 20. Qh3 Ng6 21. Bg5 Qxb2 22. Nxf6+ Nxf6 23. Bxf6 gxf6 24. Qh6 Rxd4 25. Bxg6 hxg6 26. Rxd4 Qxd4 27. Re1 Rc8 28. h3 Rc2 29. Re3 Qd1+ 30. Kh2 Qd6+ 31. Kg1 Rc1+ 0-1


[Site "https://www.chess.com"]

[Event "Titled Tuesday Blitz August 22 Late 2023"]
[White "Albertini, Luca"]
[Black "Papayan, Oleg"]
[WhiteFideId "847038"]
[BlackFideId "4193911"]
[WhiteElo "2429"]
[BlackElo "2617"]
[Result "1-0"]
[Round "6"]
[TimeControl "180+1"]
[Date "2023.08.22"]
[WhiteClock "0:00:11"]
[BlackClock "0:00:00"]
[Board "82"]

1. d4 Nf6 2. c4 e6 3. Nc3 Bb4 4. Bg5 h6 5. Bh4 g5 6. Bg3 Ne4 7. Qc2 Bxc3+ 8. bxc3 Nxg3 9. hxg3 b6 10. e4 d6 11. Bd3 Bb7 12. Ne2 Qf6 13. f3 Nd7 14. g4 O-O-O 15. a4 a5 16. Nc1 h5 17. gxh5 g4 18. Be2 Qf4 19. Bd1 gxf3 20. Bxf3 Rdg8 21. Nd3 Qg5 22. Qd2 Qf6 23. O-O-O e5 24. d5 Ba6 25. c5 Bxd3 26. Qxd3 Nxc5 27. Qc2 Qf4+ 28. Kb2 f5 29. exf5 Nxa4+ 30. Ka1 Nc5 31. Rhf1 e4 32. Be2 Qe5 33. g4 a4 34. Ka2 e3 35. Rd4 Kb7 36. Bb5 Kc8 37. f6 Rf8 38. Rxa4 Qxd5+ 39. c4 Qe4 40. Qxe4 Nxe4 41. Ra3 Nxf6 42. Bc6 Kd8 43. Rxe3 Nxg4 44. Rxf8+ Rxf8 45. Rg3 Rf2+ 46. Ka3 Ne5 47. Rg8+ Ke7 48. Bd5 Rh2 49. Rg7+ Kf6 50. Rxc7 Rxh5 51. Rb7 Nd3 52. Rxb6 Ke5 53. Rb8 Nc5 54. Re8+ Kd4 55. Re2 Rh7 56. Kb2 Rh3 57. Rd2+ Ke5 58. Re2+ Kf5 59. Kc2 Ra3 60. Kb2 Rb3+ 61. Kc2 Rb6 62. Rf2+ Ke5 63. Rf8 Kd4 64. Rf4+ Ke3 65. Rh4 Ra6 66. Rh3+ Kd4 67. Kb2 Rb6+ 68. Kc2 Rb8 69. Rh4+ Ke5 70. Rh5+ Kd4 71. Rh6 Rd8 72. Rh4+ Ke5 73. Rh6 Kf4 74. Rh4+ Kg5 75. Rh7 Nd7 76. Kc3 Nf6 77. Rh1 Kf5 78. Kd4 Nd7 79. Rf1+ Kg5 80. Rg1+ Kf5 81. Rg7 Ne5 82. Rg3 Rb8 83. Rg1 Rb3 84. Rf1+ Kg5 85. Be4 Rb4 86. Bd5 Kg4 87. Rf6 Rb6 88. Re6 1-0


[Site "https://www.chess.com"]

[Event "Titled Tuesday Blitz August 22 Late 2023"]
[White "Yang, Kevin"]
[Black "Kim, Sergey"]
[WhiteFideId "30908485"]
[BlackFideId "13700570"]
[WhiteElo "2427"]
[BlackElo "2614"]
[Result "1-0"]
[Round "6"]
[TimeControl "180+1"]
[Date "2023.08.22"]
[WhiteClock "0:00:08"]
[BlackClock "0:00:06"]
[Board "83"]

1. Nf3 Nf6 2. g3 g6 3. b3 Bg7 4. Bb2 d6 5. Bg2 O-O 6. d4 e5 7. dxe5 Nfd7 8. O-O dxe5 9. Nc3 Nc6 10. Nd2 a5 11. a4 Nc5 12. Nc4 e4 13. Nxe4 Nxe4 14. Bxe4 Bxb2 15. Nxb2 Qe7 16. Bg2 Rd8 17. Nd3 Nd4 18. e3 Nf5 19. Qc1 h5 20. h4 c6 21. Qa3 Qf6 22. Qc5 Be6 23. Rad1 Ne7 24. Nf4 Bg4 25. Rxd8+ Rxd8 26. Qxa5 Nf5 27. e4 Nd4 28. f3 Bc8 29. Rf2 Ne6 30. Nxe6 Bxe6 31. e5 Rd1+ 32. Kh2 Qf5 33. Qa8+ Kg7 34. Qxb7 Qxe5 35. Qb6 c5 36. Qb5 Qd4 37. Qe2 Bf5 38. f4 Rc1 39. Qe5+ Qxe5 40. fxe5 Bxc2 41. Bd5 Bf5 42. Ra2 Rd1 43. Bg2 Be6 44. a5 Bxb3 45. Ra3 c4 46. a6 c3 47. Rxb3 c2 48. Rc3 c1=Q 49. Rxc1 Rxc1 50. a7 Re1 51. a8=Q Rxe5 52. Qa1 f6 53. Qd4 Kh6 54. Be4 g5 55. Kg2 g4 56. Qe3+ Kg7 57. Qf4 Kf7 58. Bf5 Kg7 59. Kf2 Kf7 60. Bd3 Kg7 61. Qd4 Re7 62. Qd6 Rf7 63. Bc4 Ra7 64. Bd5 Kg6 65. Ke3 Kg7 66. Kf4 Kg6 67. Be4+ Kg7 68. Kf5 Ra5+ 69. Bd5 Ra7 70. Qe6 Ra8 71. Qf7+ Kh8 72. Qxf6+ Kh7 73. Qg6+ Kh8 74. Qh6# 1-0


[Site "https://www.chess.com"]

[Event "Titled Tuesday Blitz August 22 Late 2023"]
[White "Karas, Marek"]
[Black "Gunduz, Umut Erdem"]
[WhiteFideId "14928558"]
[BlackFideId "6381383"]
[WhiteElo "2425"]
[BlackElo "2612"]
[Result "1-0"]
[Round "6"]
[TimeControl "180+1"]
[Date "2023.08.22"]
[WhiteClock "0:00:15"]
[BlackClock "0:00:25"]
[Board "84"]

1. d4 Nf6 2. Nf3 c5 3. d5 e6 4. Nc3 exd5 5. Nxd5 Nxd5 6. Qxd5 Be7 7. e4 O-O 8. Bc4 d6 9. O-O Nd7 10. Qd3 Nb6 11. Bb3 Qc7 12. Bd5 Nxd5 13. Qxd5 Be6 14. Qd3 Rfd8 15. Bf4 Qc6 16. c4 a6 17. Ng5 Bf6 18. Nxe6 fxe6 19. Rab1 d5 20. exd5 exd5 21. cxd5 Rxd5 22. Qf3 Rad8 23. b3 b5 24. g3 c4 25. bxc4 bxc4 26. Kg2 c3 27. Rbe1 Qc4 28. Qe2 Qxe2 29. Rxe2 Rb5 30. Rc1 Rb2 31. Rec2 Rd5 32. h4 Ra5 33. Rxc3 Bxc3 34. Rxc3 Raxa2 35. Be3 Rc2 36. Rb3 a5 37. Rb8+ Kf7 38. Rb7+ Ke6 39. Rxg7 Re2 40. Kf3 a4 41. Rxh7 a3 42. Ra7 Rec2 43. h5 Ra1 44. h6 a2 45. h7 Rh1 46. Bd4 Rcc1 47. h8=Q Rxh8 48. Bxh8 1-0


[Site "https://www.chess.com"]

[Event "Titled Tuesday Blitz August 22 Late 2023"]
[White "Leenhouts, Koen"]
[Black "laidfrq"]
[WhiteFideId "1008439"]
[WhiteElo "2600"]
[BlackElo "2417"]
[Result "0-1"]
[Round "6"]
[TimeControl "180+1"]
[Date "2023.08.22"]
[WhiteClock "0:00:01"]
[BlackClock "0:01:04"]
[Board "85"]

1. d4 Nf6 2. Nf3 d5 3. g3 Bf5 4. Bg2 c6 5. Nh4 Be4 6. f3 Bg6 7. Nxg6 hxg6 8. c3 Nbd7 9. Qb3 Qb6 10. Nd2 e5 11. dxe5 Nxe5 12. Qxb6 axb6 13. Nb3 Bd6 14. Bf4 Nh5 15. Bd2 f5 16. a3 Kf7 17. O-O-O Nf6 18. Bf4 Rae8 19. e4 Nc4 20. Bxd6 Nxd6 21. exd5 Nxd5 22. f4 Ne4 23. Bxe4 Rxe4 24. Rd2 Rhe8 25. Nd4 Ne3 26. Nf3 R4e7 27. Ne5+ Kg8 28. Nxg6 Rf7 29. Ne5 Rfe7 30. Re1 Nd5 31. c4 Nf6 32. Kc2 Ne4 33. Rd3 Nc5 34. Rde3 Ne4 35. Nf3 c5 36. Ng5 g6 37. Nxe4 fxe4 38. Rd1 Kf7 39. Rd6 Re6 40. Rd7+ R8e7 41. Rxe7+ Kxe7 42. Kd2 Kf6 43. Ke2 Kf5 44. h3 g5 45. fxg5 Kxg5 46. Rb3 Rh6 47. Ke3 Kf5 48. h4 Rg6 49. Kf2 Kg4 50. Re3 Rf6+ 51. Kg2 Re6 52. b4 Re5 53. bxc5 bxc5 54. a4 b6 55. h5 Kxh5 56. Kh3 Kg5 57. Kh2 Re6 58. Kh3 Kf5 59. Re1 Rh6+ 60. Kg2 Ke5 61. Rb1 Kd4 62. Re1 e3 63. Kf3 Rf6+ 64. Ke2 Rf2+ 65. Kd1 Ra2 66. g4 Kd3 0-1


[Site "https://www.chess.com"]

[Event "Titled Tuesday Blitz August 22 Late 2023"]
[White "Ovezdurdyyeva, Jemal"]
[Black "Ibadov, Dashgyn"]
[WhiteFideId "14001888"]
[BlackFideId "24107514"]
[WhiteElo "2400"]
[BlackElo "2599"]
[Result "0-1"]
[Round "6"]
[TimeControl "180+1"]
[Date "2023.08.22"]
[WhiteClock "0:00:52"]
[BlackClock "0:01:22"]
[Board "86"]

1. e4 e5 2. Nf3 Nc6 3. Bc4 Nf6 4. Nc3 Bc5 5. O-O O-O 6. d3 a6 7. Bg5 Be7 8. h3 b5 9. Bb3 d6 10. Ne2 Na5 11. c3 Nxb3 12. axb3 Bb7 13. Ng3 h6 14. Be3 Re8 15. Nf5 Bf8 16. Qd2 d5 17. exd5 Bxd5 18. c4 Bxf3 19. gxf3 Qd7 20. Ng3 Qxh3 21. Qe2 h5 22. Rfc1 h4 23. Ne4 Nxe4 24. fxe4 Re6 0-1


[Site "https://www.chess.com"]

[Event "Titled Tuesday Blitz August 22 Late 2023"]
[White "whiteglovethief"]
[Black "Ribeiro, Matheus Mendes Domingues"]
[BlackFideId "324226923"]
[WhiteElo "2379"]
[BlackElo "2599"]
[Result "0-1"]
[Round "6"]
[TimeControl "180+1"]
[Date "2023.08.22"]
[WhiteClock "0:02:14"]
[BlackClock "0:02:22"]
[Board "87"]

1. d4 d5 2. c4 e6 3. Nf3 Nf6 4. g3 Be7 5. Bg2 O-O 6. O-O dxc4 7. Qc2 a6 8. a4 Bd7 9. Rd1 Bc6 10. Nbd2 b5 11. b3 cxb3 12. Nxb3 Be4 13. Qb2 Nc6 14. Nc5 Bxc5 15. Bf4 Bd6 16. Ne5 Bxg2 17. Kxg2 Bxe5 18. dxe5 Nd5 19. axb5 axb5 20. Rxa8 Qxa8 0-1


[Site "https://www.chess.com"]

[Event "Titled Tuesday Blitz August 22 Late 2023"]
[White "Labussiere, Yago"]
[Black "Veiga, Jose Francisco R P Neves"]
[WhiteFideId "2186969"]
[BlackFideId "1930087"]
[WhiteElo "2373"]
[BlackElo "2598"]
[Result "0-1"]
[Round "6"]
[TimeControl "180+1"]
[Date "2023.08.22"]
[WhiteClock "0:00:02"]
[BlackClock "0:00:17"]
[Board "88"]

1. c4 Nf6 2. Nc3 c6 3. e4 d5 4. e5 d4 5. exf6 dxc3 6. fxg7 cxd2+ 7. Qxd2 Qxd2+ 8. Bxd2 Bxg7 9. O-O-O Bf5 10. Nf3 Na6 11. Be2 O-O-O 12. Nh4 Be6 13. Be3 Bf6 14. g3 c5 15. a3 b6 16. Ng2 Bf5 17. Nf4 e6 18. h3 Be4 19. Rhe1 Nb8 20. Nh5 Be7 21. Rxd8+ Rxd8 22. Rd1 Nc6 23. Rxd8+ Kxd8 24. Kd2 f5 25. f4 Kd7 26. g4 Nd4 27. Bxd4 cxd4 28. g5 e5 29. h4 Ke6 30. fxe5 Kxe5 31. Bd3 a5 32. Ng3 Kf4 33. Ne2+ Kg4 34. Nxd4 Bc5 35. Ne6 Kxh4 36. Nf8 Kxg5 37. Nxh7+ Kf4 38. Nf6 Be3+ 39. Ke2 Bf3+ 40. Kf1 Bd4 41. Nd5+ Ke5 42. b4 a4 43. Bc2 Bb2 44. Bxa4 Bxa3 45. b5 Bc5 46. Bc2 f4 47. Bd3 Bg4 48. Be2 f3 49. Bd3 Bh3+ 50. Ke1 Kd4 51. Bf1 Bxf1 52. Kxf1 Kxc4 53. Nf4 Kxb5 54. Nd3 Kc4 55. Ne1 f2 56. Nc2 Kc3 57. Na1 Kb2 58. Ke2 Kxa1 59. Kf1 Kb2 0-1


[Site "https://www.chess.com"]

[Event "Titled Tuesday Blitz August 22 Late 2023"]
[White "Postlmayer, Jakob"]
[Black "Akhayan, Ruben"]
[WhiteFideId "1643622"]
[BlackFideId "204439"]
[WhiteElo "2596"]
[BlackElo "2280"]
[Result "1-0"]
[Round "6"]
[TimeControl "180+1"]
[Date "2023.08.22"]
[WhiteClock "0:00:43"]
[BlackClock "0:00:18"]
[Board "89"]

1. d4 Nf6 2. Nf3 g6 3. Nbd2 d5 4. b3 Bg7 5. Bb2 O-O 6. e3 c6 7. Be2 a5 8. a3 Bg4 9. c4 Nbd7 10. O-O Ne4 11. h3 Bxf3 12. Nxf3 e6 13. Qc2 a4 14. b4 Qe7 15. Rac1 Rfc8 16. Rfd1 h6 17. Nd2 Nxd2 18. Qxd2 Kh7 19. Qc2 b5 20. cxb5 cxb5 21. Qb1 Rxc1 22. Rxc1 Rb8 23. Rc6 Nf6 24. Qf1 Qb7 25. Rc5 Ne4 26. Rxb5 Qc7 27. Rxb8 Qxb8 28. Qc1 Qd8 29. Bd3 Nd6 30. Qc6 Bf8 31. Qxa4 Qf6 32. Qc2 h5 33. a4 Qd8 34. b5 Qa5 35. Bc3 Qb6 36. Bb4 Be7 37. a5 Qb8 38. b6 Bf8 39. Qc6 Nf5 40. Bxf8 Qxf8 41. Bxf5 exf5 42. Qxd5 1-0


[Site "https://www.chess.com"]

[Event "Titled Tuesday Blitz August 22 Late 2023"]
[White "Troff, Kayden"]
[Black "Martinez, Shawn"]
[WhiteFideId "2047896"]
[BlackFideId "2039770"]
[WhiteElo "2742"]
[BlackElo "2355"]
[Result "1-0"]
[Round "6"]
[TimeControl "180+1"]
[Date "2023.08.22"]
[WhiteClock "0:01:01"]
[BlackClock "0:00:00"]
[Board "90"]

1. d4 g6 2. Nf3 Bg7 3. Bg5 h6 4. Bh4 d6 5. Nbd2 b6 6. e3 Bb7 7. Bc4 g5 8. Bg3 a6 9. a4 e6 10. c3 Ne7 11. Qb3 Nd7 12. h3 O-O 13. O-O Nf5 14. Bh2 d5 15. Bd3 Nd6 16. c4 Ne4 17. Rfd1 Ndf6 18. Rac1 Rb8 19. cxd5 Bxd5 20. Qc2 Nxd2 21. Nxd2 c5 22. Bxb8 Qxb8 23. dxc5 bxc5 24. e4 Ba8 25. Qxc5 Nh5 26. b4 Rd8 27. Bxa6 Nf4 28. Qc8 Qxb4 29. Qxd8+ Kh7 30. Qxa8 Bb2 31. Rc7 1-0


[Site "https://www.chess.com"]